 Dungeon Crawl Stone Soup version 0.32-a0-643-ga006e7742e (webtiles) character file.

Game seed: 297713722428404789

21 12572944 the Trooper (level 2, 0/40 HPs)
             Began as a Minotaur Berserker on Mar 7, 2024.
             Was a Follower of Trog.
             Slain by an orc
             ... wielding a +0 trident
              (4 damage)
             ... on level 3 of the Dungeon.
             The game lasted 00:02:17 (710 turns).

12572944 the Trooper (Minotaur Berserker)            Turns: 710, Time: 00:02:17

Health: 0/40       AC:  3    Str: 27    XL:     2   Next: 62%
Magic:  1/1        EV: 12    Int:  4    God:    Trog [*.....]
Gold:   84         SH:  0    Dex:  9    Spells: 1/1 levels left

rFire   . . .        a - +0 hand axe
rCold   . . .        (no shield)
rNeg    . . .        b - +0 animal skin
rPois   .            (helmet restricted)
rElec   .            (no cloak)
rCorr   .            l - +0 pair of gloves
SInv    .            (no boots)
Will    .....        (no amulet) Stlth
                     m - +6 ring of strength
HPRegen 0.26/turn    (no ring)
MPRegen 0.07/turn

%: no passive effects
@: berserking, very quick
A: horns 2, retaliatory headbutt
a: Renounce Religion, Berserk


You were on level 3 of the Dungeon.
You worshipped Trog.
Trog was aware of your devotion.
You visited 1 branch of the dungeon, and saw 3 of its levels.

You collected 84 gold pieces.

Inventory:

Hand Weapons
 a - a +0 hand axe (weapon)
 k - a +2 whip of venom
Armour
 b - a +0 animal skin (worn)
 l - a +0 pair of gloves (worn)
Jewellery
 m - a +6 ring of strength (left hand)
Scrolls
 c - 2 scrolls of identify {unknown}
 e - a scroll of vulnerability {unknown}
 f - a scroll of immolation {unknown}
 h - a scroll of brand weapon {unknown}
Potions
 d - a potion of haste {unknown}
 g - a potion of lignification {unknown}
 i - 2 potions of curing {unknown}
 j - a potion of mutation {unknown}


   Skills:
 + Level 3.9 Fighting
 + Level 3.9 Axes
 + Level 2.9 Armour
 + Level 2.6 Dodging


You had one spell level left.
You didn't know any spells.
Your spell library was empty.

Dungeon Overview and Level Annotations

Branches:
Dungeon (2/15)

Altars:


Innate Abilities, Weirdness & Mutations

You have a pair of horns on your head.
You reflexively headbutt those who attack you in melee.


Message History

You hit the orc but do no damage. Your headbutt misses the orc.
The orc is almost dead.
The orc closely misses you.
An orc priest comes into view. It is wielding a +0 dagger.
You barely miss the orc. Your headbutt misses the orc.
The orc is almost dead.
The orc closely misses you. You furiously retaliate!
You headbutt the orc, but do no damage. You hit the orc.
You kill the orc!
Trog accepts your kill.
The orc priest casts a cantrip, but nothing happens.
You hit the orc.
The orc is lightly wounded.
The orc completely misses you.
The orc hits you from afar with a +0 trident.
You hit the orc. You headbutt the orc, but do no damage.
The orc is moderately wounded.
The orc hits you but does no damage. x2; The orc closely misses you.
The orc hits you with a +0 short sword.
You barely miss the orc. You headbutt the orc.
The orc is severely wounded.
The orc hits you with a +0 short sword. The orc barely misses you.
You slash the orc!
You kill the orc!
Trog accepts your kill.
The orc priest invokes the aid of Beogh against you.
Beogh smites you!
* * * LOW HITPOINT WARNING * * *
The orc hits you from afar with a +0 trident.
* * * LOW HITPOINT WARNING * * *
You are too injured to fight recklessly!
You are too injured to fight recklessly!
You are too injured to fight recklessly!
You are too injured to fight recklessly!
You are too injured to fight recklessly!
A red film seems to cover your vision as you go berserk!
You feel yourself moving faster!
You feel mighty!
The orc hits you from afar with a +0 trident.
You die...

#.....#.#
###.....#.# #
........#.##.####
.###....#... ...#
. #....#.##..#.#
#.............
..<.....#.###.#.
..#######.# . #@#
#)# #o#


oo# ..# ..># ...# ###.# You could see an orc priest and 2 orcs.

Vanquished Creatures
  2 orcs (D:3)
  A bat (D:1)
  3 endoplasms (D:1)
  2 giant cockroaches
  2 jackals (D:1)
  A quokka (D:3)
  A ball python (D:1)
  3 kobolds
  A rat (D:2)
16 creatures vanquished.

Notes
Turn   | Place    | Note
-------+----------+-------------------------------------------
     0 | D:1      | 12572944 the Minotaur Berserker began the quest for the
                  | Orb.
     0 | D:1      | Reached XP level 1. HP: 19/19 MP: 0/0
   168 | D:1      | Reached XP level 2. HP: 27/27 MP: 1/1
   364 | D:1      | Found a faded altar of an unknown god.
   612 | D:2      | You fall into a shaft and drop 1 floor!
   710 | D:3      | Slain by an orc

Illustrated notes

Levels and vault maps discovered:
D:1:      dpeg_chamrin_arrival_tetris, layout_basic,
          dilly_ecumenical_altar_fadedgnrine
D:2:      minmay_angry_zag, layout_basic, minmay_tall_x
D:3:      layout_basic, mainiacjoe_sewer_entry_somewhere_in_here_2

Action                     || total
---------------------------++-------
  Melee: Hand axe          ||    29
         Headbutt          ||     7
 Invoke: Berserk           ||     1
 Armour: Animal skin       ||    18
  Dodge: Dodged            ||    15

Table legend: (Time is in decaauts)
 A = Elapsed time spent in this place.
 B = Non-inter-level travel time spent in this place.
 C = Inter-level travel time spent in this place.
 D = Time resting spent in this place.
 E = Time spent auto-exploring this place.
 F = Levels seen in this place.
 G = Mean time per level.
                   A        B        C        D        E       F      G
               +--------+--------+--------+--------+--------+-----+--------+
         Total |    712 |    685 |     27 |     15 |    543 |   3 |  237.3 |
       Dungeon |    712 |    685 |     27 |     15 |    543 |   3 |  237.3 |
               +--------+--------+--------+--------+--------+-----+--------+

Top non-repeatable levels by time:
     D:1: 588 daAuts
     D:3: 99 daAuts
     D:2: 25 daAuts
